 Dungeon Crawl Stone Soup version 0.31.0-7-gf635a9b802 (webtiles) character file.

Game seed: 8535755025871246150

19230 BeingJoeMalik the Devastator (level 12, -5/69 HPs)
             Began as a Tengu Conjurer on Jan 24, 2024.
             Was an Elder of Vehumet.
             Slain by a minotaur
             ... wielding the +8 hand axe of Balance {speed, rF+ rCorr Int-5}
              (9 damage)
             ... in a Gauntlet.
             The game lasted 01:02:27 (12729 turns).

BeingJoeMalik the Devastator (Tengu Conjurer)      Turns: 12729, Time: 01:02:28

Health: -5/69      AC:  8    Str: 20    XL:     12   Next: 66%
Magic:  32/36      EV: 32    Int: 27    God:    Vehumet [****..]
Gold:   1250       SH:  0    Dex: 13    Spells: 17/31 levels left

rFire   + + .        K - staff of fire
rCold   . . .        i - orb "Omnoux" {*channel, rPois rCorr Conj Earth}
rNeg    . . .        R - +1 troll leather armour {Snorg}
rPois   +            q - +2 hat
rElec   .            (no cloak)
rCorr   +            F - +1 pair of gloves
SInv    .            (boots unavailable)
Will    .....        e - amulet of magic regeneration
Stlth   ++           H - ring of Narphat {^Drain Fly rF+ MP+9 Str+6}
HPRegen 1.11/turn    T - ring "Noet" {Str+6 Int+4 Slay+3}
MPRegen 0.65/turn

%: no teleportation, acrobat, channel magic (20%)
@: brilliant, acrobatic, flying
A: beak, talons 3, evasive flight, acrobatic
a: Renounce Religion


You were in a Gauntlet.
You worshipped Vehumet.
Vehumet was greatly pleased with you.
You visited 4 branches of the dungeon, and saw 16 of its levels.
You also visited: Trove and Gauntlet.

You collected 1250 gold pieces.

Inventory:

Hand Weapons
 o - the +4 trident "Onkeuqigox" {venom, Str+2 SInv}
   (You found it on level 2 of the Dungeon)

   Str+2:     It affects your strength (+2).
   SInv:      It lets you see invisible.
 N - the +7 flail "Qorypn" {flame, Int+2 Dex+4}
   (You found it on level 10 of the Dungeon)

   Int+2:     It affects your intelligence (+2).
   Dex+4:     It affects your dexterity (+4).
Missiles
 d - 7 curare-tipped darts
 n - 39 poisoned darts (quivered)
 p - a throwing net
Armour
 i - the orb "Omnoux" (worn) {*channel, rPois rCorr Conj Earth}
   (You found it in a treasure trove)

   rPois:     It protects you from poison rCorr: It protects you from acid and
   corrosion.
   Conj:      It increases the power of your Conjurations spells.
   Earth:     It increases the power of your Earth spells.
 k - a +0 buckler
 q - a +2 hat (worn)
 F - a +1 pair of gloves (worn)
 M - a +2 robe of positive energy
 R - a +1 troll leather armour (worn) {Snorg}
 S - a +2 robe of fire resistance
 Y - the +0 hat "Weac" {Str+4}
   (You found it in a Gauntlet)

   Str+4:     It affects your strength (+4).
Magical Staves
 K - a staff of fire (weapon)
Jewellery
 e - an amulet of magic regeneration (around neck)
 f - a ring of positive energy
 g - a ring of protection from cold
 h - the Hermit's Pendant {Faith Invo=14 Evo=0 MP+5}
   (You found it in a treasure trove)

   [amulet of faith]

   Invo=14: It sets your Invocations skill to 14.
   Evo=0: It sets your Evocations skill to 0.
   Faith:     It allows you to gain divine favour quickly.
   MP+5:      It affects your magic capacity (+5).
 r - a +6 ring of dexterity
 v - a +4 ring of protection
 x - the ring "Peysh" {rF+ Dex+3}
   (You found it in a treasure trove)

   [ring of protection from fire]

   Dex+3:     It affects your dexterity (+3).
   rF+:       It protects you from fire.
 H - the ring of Narphat (left hand) {^Drain Fly rF+ MP+9 Str+6}
   (You found it in a treasure trove)

   [ring of protection from fire]

   Str+6:     It affects your strength (+6).
   rF+:       It protects you from fire.
   MP+9:      It affects your magic capacity (+9).
   Fly:       It grants you flight.
   ^Drain:    It drains your maximum health when unequipped.
 L - a ring of resist corrosion
 T - the ring "Noet" (right hand) {Str+6 Int+4 Slay+3}
   (You found it on level 12 of the Dungeon)

   [ring of strength]

   Str+6:     It affects your strength (+6).
   Int+4:     It affects your intelligence (+4).
   Slay+3:    It affects your accuracy & damage with ranged weapons and melee
   (+3).
Wands
 s - a wand of roots (15)
 t - a wand of mindburst (11)
 y - a wand of digging (2)
 D - a wand of paralysis (6)
 Q - a wand of flame (14)
 U - a wand of light (2)
Scrolls
 a - a scroll of poison
 j - 3 scrolls of fear
 l - a scroll of blinking
 m - 2 scrolls of fog
 G - 5 scrolls of teleportation
 J - a scroll of butterflies
 P - 3 scrolls of identify
 W - a scroll of revelation
 X - a scroll of enchant weapon {unknown}
Potions
 b - a potion of magic
 c - 6 potions of curing
 u - a potion of mutation
 w - 3 potions of might
 z - 2 potions of berserk rage
 A - a potion of cancellation
 B - a potion of brilliance
 C - 3 potions of haste
 E - a potion of invisibility
 I - a potion of attraction {unknown}
 V - a potion of enlightenment {unknown}
Miscellaneous
 O - a phantom mirror (inert)


   Skills:
 * Level 5.7 Fighting
 + Level 3.7 Armour
 + Level 5.0 Dodging
 - Level 2.0 Stealth
 + Level 6.2 Shields
 + Level 10.2 Spellcasting
 + Level 16.3 Conjurations
 - Level 6.0 Summonings
 * Level 5.8 Fire Magic


You had 17 spell levels left.
You knew the following spells:

 Your Spells              Type           Power      Damage    Failure   Level
a - Magic Dart            Conj           100%       1d8       1%          1
b - Searing Ray           Conj           100%       2d8       1%          2
c - Call Imp              Summ           100%       N/A       4%          2
d - Sting                 Conj/Alch      100%       1d9       1%          1
e - Flame Wave            Conj/Fire      100%       2d21      1%          4
f - Dazzling Flash        Conj/Hex       100%       N/A       1%          3
g - Apportation           Tloc           40%        N/A       14%         1

Your spell library contained the following spells:

 Spells                   Type           Power      Damage    Failure   Level
 Frozen Ramparts          Ice            40%        1d7       9%          3
 Fulminant Prism          Conj/Alch      46%        3d21      1%          4
 Iskenderun's Mystic Bla  Conj/Tloc      92%        2d18      1%          4
 Summon Small Mammal      Summ           100%       N/A       3%          1
 Inner Flame              Hex/Fire       61%        N/A       3%          3
 Sticky Flame             Fire/Alch      61%        2d10      9%          4
 Necrotise                Necr           80%        1d8       14%         1
 Blink                    Tloc           40%        N/A       21%         2
 Ensorcelled Hibernation  Hex/Ice        40%        N/A       21%         2
 Fugue of the Fallen      Necr           20%        N/A       32%         3
 Summon Forest            Summ/Tloc      22%        N/A       58%         5
 Summon Mana Viper        Hex/Summ       45%        N/A       58%         5
 Anguish                  Hex/Necr       10%        N/A       65%         4
 Summon Cactus Giant      Summ           31%        N/A       73%         6
 Metabolic Englaciation   Hex/Ice        10%        N/A       92%         5
 Sculpt Simulacrum        Ice/Alch       10%        N/A       100%        6


Dungeon Overview and Level Annotations

Branches:
Dungeon (13/15)            Temple (1/1) D:6            Lair (1/5) D:8
    Orc (1/2) D:11        Gauntlet (1/1)
 Vaults: D:13-14

Altars:
Ashenzari
Cheibriados
Dithmenos
Elyvilon
Fedhas
Gozag
Hepliaklqana
Kikubaaqudgha
Makhleb
Nemelex Xobeh
Okawaru
Qazlal
Ru
Sif Muna
Trog
Uskayaw
Vehumet
Wu Jian
Xom
Yredelemnul
Zin
The Shining One

Shops:
D:13 :

Portals:
Abyss: D:12

Annotations:
D:10 2 transporters
D:11 Urug
D:12 2 transporters, Jingleheimer's ghost, journeyman TeFi; Rupert Gauntlet 6 transporters, exclusion: ice statue


Innate Abilities, Weirdness & Mutations

You have a beak for a mouth.
You have claws for feet.
Your magical flight helps you evade attacks. (EV +4)
You can magically evade attacks while moving or waiting.


Message History

Confirm with . or Enter, or press ? or * to list all spells.
Casting: Dazzling Flash (safe; 1% risk of failure)
Press: ? - help, Dir - look around, f - activate You feel a strong surge of power!
The minotaur shoots an arrow.
The arrow hits you!
The minotaur shoots an arrow.
The arrow hits you!
Unknown command.
Unknown command.
The minotaur unwields the +7 orcbow of the Heart {speed, rF+ Dex+3}.
The minotaur wields the +8 hand axe of Balance {speed, rF+ rCorr Int-5}.
The minotaur barely misses you. The minotaur misses you.
There is an open door here.
Casting: Dazzling Flash (safe; 1% risk of failure)
Confirm with . or Enter, or press ? or * to list all spells.
Casting: Flame Wave (dangerous; 1% risk of failure)
Press: ? - help, Dir - look around, f - activate You feel a huge surge of power!
A wave of flame ripples out!
The flame wave engulfs the minotaur!
The minotaur resists.
The minotaur is lightly wounded. (Press . to intensify the flame waves.)
The minotaur closely misses you. The minotaur gores you.
A wave of flame ripples out!
The flame wave engulfs the minotaur but does no damage.
The minotaur is lightly wounded.
The minotaur closely misses you. The minotaur gores you.
* * * LOW HITPOINT WARNING * * *
The minotaur closely misses you. The minotaur misses you.
Unknown command.
A wave of flame ripples out!
The flame wave engulfs the minotaur!
The minotaur resists.
The minotaur is moderately wounded.
The minotaur barely misses you. The minotaur completely misses you.
Unknown command.
A wave of flame ripples out!
The flame wave engulfs the minotaur!
The minotaur resists.
The minotaur is moderately wounded.
You finish channelling waves of flame.
The minotaur misses you. The minotaur gores you!
* * * LOW HITPOINT WARNING * * *
The minotaur hits you with the +8 hand axe of Balance {speed, rF+ rCorr Int-5}!
You die...

#≈..#$#
#######..###..#$#
#....##..##≈..#©.
#.##.##..###..#=#
#.##.....##§..#.#
###.##.##..###..#.. #≈
#.#....##....#..#.#
#≈§.#.#.##.##...©#..###
#≈∩..H@.##.......#.....
#≈§.#.#.##.##....#.∩...
#≈ #.#....##...©#..###
###.##.##....#..#..
#.##.....###..#.#
#.##.##..##≈..##.
#....##..###..#©#
#######..##§..##.
######..#(#


You could see a minotaur.

Vanquished Creatures
  Gastronok (D:12)
  A centaur warrior (D:13)
  A two-headed ogre (D:11)
  Amaemon (D:11)
  A glowing orange brain (Gauntlet)
  An orc sorcerer (D:11)
  2 ugly things
  An orange demon (D:11)
  A gargoyle (D:13)
  2 komodo dragons (D:8)
  Psyche (D:12)
  3 trolls
  3 hornets
  2 vampires (D:9)
  A wyvern (D:11)
  3 shadows (D:11)
  4 wraiths
  21 yaks
  Grum (D:11)
  6 vampire mosquitoes
  2 water moccasins (D:8)
  A sky beast (D:7)
  3 orc warriors
  2 ice beasts
  2 black bears
  9 centaurs
  3 ogres
  4 wolves (D:11)
  A phantom (D:4)
  4 bullfrogs (D:8)
  2 gnoll sergeants
  3 kobold brigands
  2 scorpions
  12 wights
  2 troll zombies (D:11)
  13 killer bees
  A howler monkey (D:9)
  A jelly (D:6)
  2 gnoll boudas
  4 hounds
  7 iguanas
  A sleepcap (D:4)
  5 orc priests
  10 orc wizards
  3 ogre zombies (D:11)
  20 gnolls
  7 adders
  A shadow imp (D:6)
  2 ufetubi (D:6)
  5 ribbon worms
  39 orcs
  4 ball pythons
  8 bats
  3 endoplasms
  4 giant cockroaches
  6 goblins
  6 hobgoblins
  21 kobolds
  3 quokkas
  11 frilled lizards
  4 gnoll skeletons (D:11)
  2 gnoll zombies (D:11)
  3 orc skeletons (D:11)
  8 orc zombies (D:11)
  7 rats
320 creatures vanquished.

Vanquished Creatures (collateral kills)
  Nessos (D:13)
  Snorg (D:11)
2 creatures vanquished.

Vanquished Creatures (others)
  A butterfly (D:7)
1 creature vanquished.

Grand Total: 323 creatures vanquished

Notes
Turn   | Place    | Note
-------+----------+-------------------------------------------
     0 | D:1      | BeingJoeMalik the Tengu Conjurer began the quest for the
                  | Orb.
     0 | D:1      | Reached XP level 1. HP: 10/10 MP: 4/4
     6 | D:1      | Noticed a basilisk
     6 | D:1      | Noticed a tyrant leech
     6 | D:1      | Noticed an imperial myrmidon
     7 | D:1      | Noticed a hell rat
     7 | D:1      | Noticed a centaur
   159 | D:1      | Reached XP level 2. HP: 15/15 MP: 4/6
   183 | D:1      | Reached skill level 6 in Conjurations
   186 | D:1      | Learned a level 2 spell: Searing Ray
   427 | D:1      | Reached XP level 3. HP: 19/19 MP: 3/7
  1122 | D:2      | Reached skill level 7 in Conjurations
  1167 | D:2      | Identified the +4 trident "Onkeuqigox" {venom, Str+2 SInv}
  1214 | D:2      | Reached XP level 4. HP: 24/24 MP: 5/8
  1323 | D:2      | Reached skill level 1 in Shields
  1592 | D:3      | Noticed a black bear
  1672 | D:3      | Reached XP level 5. HP: 28/28 MP: 6/9
  1825 | D:3      | Reached skill level 8 in Conjurations
  1958 | D:3      | Reached XP level 6. HP: 32/32 MP: 8/10
  2162 | D:3      | You fall into a shaft and drop 3 floors!
  2212 | D:6      | Reached skill level 9 in Conjurations
  2241 | D:5      | Entered Level 5 of the Dungeon
  2439 | D:5      | Noticed an ice beast
  2569 | D:4      | Reached skill level 10 in Conjurations
  2569 | D:4      | Gained mutation: Your magical flight helps you evade
                  | attacks. (EV +4) [Tengu growth]
  2569 | D:4      | Reached XP level 7. HP: 36/36 MP: 3/11
  2711 | D:3      | Learned a level 2 spell: Call Imp
  2870 | D:4      | Got the Meditations on the Icicle
  3191 | D:4      | Found a blossoming altar of Fedhas.
  3431 | D:5      | Reached skill level 1 in Summonings
  3662 | D:5      | Found a glowing silver altar of Zin.
  3662 | D:5      | Noticed an angel
  3725 | D:6      | Reached XP level 8. HP: 35/41 MP: 6/13
  3727 | D:6      | Reached skill level 11 in Conjurations
  3775 | D:6      | Found a shimmering altar of Xom.
  3776 | D:6      | Found an ancient bone altar of Kikubaaqudgha.
  3983 | D:6      | Found a bloodstained altar of Trog.
  4172 | D:6      | Found a staircase to the Ecumenical Temple.
  4182 | Temple   | Entered the Ecumenical Temple
  4200 | Temple   | Became a worshipper of Vehumet
  4301 | D:7      | Noticed a yak
  4303 | D:7      | Noticed a yak
  4500 | D:7      | Noticed a yak
  4753 | D:7      | Reached skill level 12 in Conjurations
  4757 | D:7      | Reached XP level 9. HP: 38/45 MP: 9/16
  4832 | D:7      | Found a white marble altar of Elyvilon.
  4933 | D:7      | Reached skill level 5 in Spellcasting
  5609 | D:7      | Reached * piety under Vehumet
  5609 | D:7      | Offered knowledge of Sandblast by Vehumet.
  5610 | D:7      | Reached skill level 5 in Shields
  5610 | D:7      | Reached skill level 13 in Conjurations
  5610 | D:7      | Reached skill level 5 in Summonings
  6176 | D:8      | Reached XP level 10. HP: 25/50 MP: 16/20
  6610 | D:8      | Found a staircase to the Lair.
  6653 | D:8      | Reached skill level 1 in Fighting
  6653 | D:8      | Reached skill level 14 in Conjurations
  7111 | D:9      | Found a hazy altar of Hepliaklqana.
  7164 | D:9      | Reached ** piety under Vehumet
  7168 | D:9      | Offered knowledge of Sting by Vehumet.
  7172 | D:9      | Learned a level 1 spell: Sting
  7694 | D:9      | Found a basalt altar of Yredelemnul.
  8128 | D:9      | Found a shadowy altar of Dithmenos.
  8179 | D:9      | Learned a level 4 spell: Flame Wave
  8376 | Lair:1   | Entered Level 1 of the Lair of Beasts
  8408 | Lair:1   | Noticed a lindwurm
  8456 | D:10     | Entered Level 10 of the Dungeon
  8467 | D:10     | Reached skill level 1 in Fire Magic
  8468 | D:10     | Reached skill level 15 in Conjurations
  8468 | D:10     | Reached XP level 11. HP: 48/57 MP: 17/24
  8537 | D:10     | Offered knowledge of Dazzling Flash by Vehumet.
  8591 | D:10     | Found a transporter.
  8594 | D:10     | Found a transporter.
  8636 | D:10     | Identified the +7 flail "Qorypn" {flame, Int+2 Dex+4}
  8877 | D:10     | Noticed an orc high priest
  8877 | D:10     | Noticed an orc sorcerer
  9310 | D:11     | Noticed Grum
  9312 | D:11     | Reached *** piety under Vehumet
  9318 | D:11     | Killed Grum
  9459 | D:11     | Learned a level 3 spell: Dazzling Flash
  9551 | D:11     | Noticed a white ugly thing
  9560 | D:11     | Killed a white ugly thing
  9655 | D:11     | Noticed Urug
  9817 | D:11     | Noticed Snorg
  9821 | D:11     | Killed Snorg
  9886 | D:11     | Identified the +10 rapier of the Endless Expanse {vamp,
                  | Dex+5}
 10006 | D:11     | Noticed Amaemon
 10022 | D:11     | Killed Amaemon
 10107 | D:11     | Offered knowledge of Volatile Blastmotes by Vehumet.
 10151 | D:11     | Noticed an orc sorcerer
 10315 | D:11     | Killed an orc sorcerer
 10319 | D:11     | Reached skill level 1 in Armour
 10355 | D:11     | Reached **** piety under Vehumet
 10385 | D:11     | Found a staircase to the Orcish Mines.
 10442 | D:11     | Offered knowledge of Frozen Ramparts by Vehumet.
 10469 | D:11     | Noticed a two-headed ogre
 10485 | D:11     | Killed a two-headed ogre
 10682 | Orc:1    | Entered Level 1 of the Orcish Mines
 10903 | Orc:1    | Noticed an ettin
 10977 | D:11     | Reached XP level 12. HP: 66/66 MP: 24/26
 11026 | D:12     | Found a portal to a secret trove of treasure.
 11042 | D:12     | You paid a toll of 3 scrolls of blinking to enter a
                  | treasure trove
 11043 | Trove    | Entered a treasure trove
 11048 | Trove    | Found the Hermit's Pendant {Faith Invo=14 Evo=0 MP+5}
 11051 | Trove    | Identified the +2 spear of Foul Odours {freeze, *Corrode
                  | Will++ Str+2}
 11058 | Trove    | Identified the orb "Omnoux" {*channel, rPois rCorr Conj
                  | Earth}
 11065 | Trove    | Identified the ring "Peysh" {rF+ Dex+3}
 11067 | Trove    | Identified the ring of Narphat {^Drain Fly rF+ MP+9 Str+6}
 11069 | Trove    | Identified the +1 kite shield "Caloew" {*Corrode MP+9
                  | Str+3}
 11076 | Trove    | Identified the +0 robe "Hefri" {rElec Str+3 Int-4}
 11296 | D:12     | Noticed Gastronok
 11315 | D:12     | Killed Gastronok
 11316 | D:12     | Reached skill level 5 in Fire Magic
 11579 | D:12     | Noticed a white very ugly thing
 11582 | D:12     | Noticed a seven-headed hydra
 11584 | D:12     | Noticed a boulder beetle
 11586 | D:12     | Identified the +7 orcbow "Gaohopem" {drain, rN+}
 11586 | D:12     | Noticed a centaur warrior
 11611 | D:12     | Reached skill level 16 in Conjurations
 11618 | D:12     | Noticed Rupert
 11690 | D:12     | Found a transporter.
 11698 | D:12     | Noticed a cyan very ugly thing
 11709 | D:12     | Noticed Psyche
 11712 | D:12     | Killed Psyche
 11760 | D:12     | Found a transporter.
 11763 | D:12     | Learned a level 1 spell: Apportation
 11764 | D:12     | Noticed a thrashing horror
 11792 | D:12     | Found a one-way gate to the infinite horrors of the Abyss.
 11792 | D:12     | Noticed Jingleheimer's ghost (journeyman TeFi)
 11851 | D:12     | Reached skill level 10 in Spellcasting
 11872 | D:12     | Identified the ring "Noet" {Str+6 Int+4 Slay+3}
 11989 | D:13     | Found Gezxal's Book Emporium.
 12108 | D:13     | Noticed Nessos
 12116 | D:13     | Killed Nessos
 12117 | D:13     | Reached skill level 5 in Fighting
 12173 | D:13     | Noticed a centaur warrior
 12186 | D:13     | Killed a centaur warrior
 12312 | D:13     | Found a gate leading to a gauntlet.
 12320 | Gauntlet | Entered a Gauntlet
 12320 | Gauntlet | Found a transporter.
 12320 | Gauntlet | Found a transporter.
 12320 | Gauntlet | Found a transporter.
 12321 | Gauntlet | Found a transporter.
 12322 | Gauntlet | Found a transporter.
 12325 | Gauntlet | Found a transporter.
 12349 | Gauntlet | Found a transporter.
 12350 | Gauntlet | Found a transporter.
 12352 | Gauntlet | Found a transporter.
 12352 | Gauntlet | Found a transporter.
 12359 | Gauntlet | Noticed a dire elephant
 12376 | Gauntlet | Found a transporter.
 12377 | Gauntlet | Found a transporter.
 12597 | Gauntlet | Reached skill level 5 in Dodging
 12603 | Gauntlet | Identified the +1 trident of Hatred {freeze, Int+3}
 12685 | Gauntlet | Identified the +0 hat "Weac" {Str+4}
 12719 | Gauntlet | Identified the +7 orcbow of the Heart {speed, rF+ Dex+3}
 12719 | Gauntlet | Identified the +8 hand axe of Balance {speed, rF+ rCorr
                  | Int-5}
 12719 | Gauntlet | Noticed a minotaur
 12729 | Gauntlet | Slain by a minotaur

Illustrated notes

Levels and vault maps discovered:
D:1:      onia_arrival_zoo_common, layout_basic, minmay_pentomino_w2
D:2:      layout_basic
D:3:      layout_basic, chequers_arboretum, grunt_ministairs_7
D:4:      layout_loops_ring, kennysheep_mini_moat, nicolae_eternal_life
D:5:      layout_cave_pools, zin_angel, minmay_lizard_king
D:6:      layout_cave_pools, mainiacjoe_overflow_chevrons, lemuel_crystal_altar,
          mainiacjoe_overflow_concentric_impassable, minmay_temple_entry_hall
D:7:      layout_basic, nicolae_elyvilon_peaceful_grove
D:8:      layout_rooms, due_lair_maze_entry_diamond
D:9:      layout_irregular_city, lemuel_round_altar, marbit_many_paths,
          kennysheep_mini, nzn_life_drinkers
D:10:     gammafunk_beogh_shrine, layout_rooms, nicolae_houndstooth_variations
D:11:     layout_roguey, zombieorc1_lemuel, uniq_grum, uniq_amaemon, uniq_snorg,
          uniq_urug
D:12:     layout_gridville, gammafunk_ghost_abyssal_escape, enter_trove_3,
          dreamdust_princess_corridor, minivault_12, uniq_rupert,
          uniq_gastronok, uniq_psyche
D:13:     layout_basic, lightli_vaults_fourway_checkpoint,
          gauntlet_entry_generic, serial_shops, shop,
          nicolae_diode_intersection, uniq_nessos
Temple:   compressed_dpeg_triangle_lava_temple
Lair:1:   layout_roguey, uniq_sonja, uniq_fannar, uniq_jeremiah
Orc:1:    layout_diamond_mine, basic_altar, minmay_orc_temple_a, uniq_maurice
Gauntlet: minmay_gauntlet_mixed_big_or_small
          [nicolae_gauntlet_arena_flowing_pool,
          minmay_gauntlet_arena_77_hold_the_fort,
          gammafunk_gauntlet_arena_split_x,
          minmay_gauntlet_arena_77_double_cross,
          gammafunk_gauntlet_arena_crates, minmay_gauntlet_arena_77_braids,
          gauntlet_exit_watery]

Skill      XL: |  1  2  3  4  5  6  7  8  9 10 11 12 |
---------------+-------------------------------------+-----
Conjurations   | 6 7 8 10 12 13 15 16 | 16.3
Shields        | 1 2 3 4 5 6 |  6.2
Summonings     | 1 3 5 6 |  6.0
Spellcasting   | 4 6 8 9 10 | 10.2
Fighting       | 2 4 5 |  5.7
Fire Magic     | 1 4 5 |  5.8
Dodging        | 4 5 |  5.0
Armour         | 1 3 |  3.7
Stealth        | |  2.0

Action                     |  1- 3 |  4- 6 |  7- 9 | 10-12 || total
---------------------------+-------+-------+-------+-------++-------
  Melee: Trident           |       |     3 |     9 |       ||    12
         Peck              |       |       |     2 |     1 ||     3
         Kick              |       |       |     2 |       ||     2
         Staff             |       |       |       |     1 ||     1
  Throw: Dart              |       |     3 |     1 |       ||     4
   Cast: Magic Dart        |    52 |    55 |   103 |   111 ||   321
         Searing Ray       |     4 |    25 |    48 |   131 ||   208
         Call Imp          |       |       |     1 |     8 ||     9
         Flame Wave        |       |       |       |    24 ||    24
         Sting             |       |       |       |     1 ||     1
         Dazzling Flash    |       |       |       |     2 ||     2
  Evoke: Phantom mirror    |       |       |       |     2 ||     2
    Use: Potion            |       |     1 |       |     2 ||     3
         Scroll            |       |     5 |    10 |     7 ||    22
   Stab: Sleeping          |       |       |     1 |       ||     1
 Armour: Robe              |       |     1 |    27 |    37 ||    65
         Troll leather arm |       |       |       |    55 ||    55
  Dodge: Dodged            |       |    16 |    97 |   229 ||   342
  Block: Buckler           |       |     2 |    21 |    47 ||    70
